 Dungeon Crawl Stone Soup version 0.30-a0-634-g8abc85282e (webtiles) character file.

Game seed: 8925482833311514466

1234 wormed the Changer (level 8, -2/63 HPs)
             Began as an Octopode Transmuter on Jan 15, 2023.
             Was an Initiate of Gozag.
             Engulfed by a cloud of steam (10 damage)
             ... on level 5 of the Dungeon.
             The game lasted 00:08:34 (6136 turns).

wormed the Changer (Octopode Transmuter)            Turns: 6136, Time: 00:08:35

Health: -2/63      AC:  7    Str:  9    XL:     8   Next: 48%
Magic:  11/14      EV: 11    Int: 18    God:    Gozag
Gold:   158        SH:  0    Dex: 12    Spells: 8/15 levels left

rFire   x . .      SeeInvis .      - Unarmed
rCold   + + +      Faith    .    (shield currently unavailable)
rNeg    . . .      Spirit   .    (helmet currently unavailable)
rPois   +          Reflect  .    (no amulet)
rElec   .          Harm     .    e - ring of protection from cold
rCorr   .          Rampage  .    (no ring)
Will    .....                    (no ring)
Stlth   +                        (no ring)
HPRegen 0.30/turn                (no ring)
MPRegen 0.14/turn                (no ring)
                                 (no ring)
                                 (no ring)

@: ice-form, wereblooded, gold aura
A: freezing attack, boosted hp, almost no armour, amphibious, 8 rings, large,
(camouflage 1), (gelatinous body 1), (nimble swimmer 1), (tentacles)
a: End Transformation, Renounce Religion, Potion Petition, Call Merchant, Bribe
Branch


You were on level 5 of the Dungeon.
You worshipped Gozag.
Gozag was aware of your devotion.
You were a creature of crystalline ice.
You visited 2 branches of the dungeon, and saw 7 of its levels.

You collected 279 gold pieces.
You paid 121 gold pieces to Gozag.

Inventory:

Jewellery
 e - a ring of protection from cold (left front paw)
 h - an amulet of magic regeneration
 i - a ring of ice
Scrolls
 k - a scroll of teleportation
Potions
 a - 2 potions of lignification
 b - a potion of attraction
 c - a potion of flight
 j - 2 potions of might
 l - a potion of mutation
 m - a potion of curing
 n - a potion of invisibility
 o - a potion of resistance {unknown}


   Skills:
 + Level 3.6 Fighting
 + Level 4.2 Dodging
 + Level 4.6 Unarmed Combat
 + Level 4.0 Spellcasting
 * Level 5.7 Transmutations
 + Level 3.3 Ice Magic


You had 8 spell levels left.
You knew the following spells:

 Your Spells              Type           Power      Damage    Failure   Level
a - Ice Form              Ice/Tmut       19%        N/A       22%         4
b - Wereblood             Tmut           24%        N/A       2%          2
z - Beastly Appendage     Tmut           48%        N/A       1%          1

Your spell library contained the following spells:

 Spells                   Type           Power      Damage    Failure   Level
 Sting                    Tmut/Pois      52%        1d5       4%          1
 Spider Form              Tmut/Pois      13%        N/A       14%         3
 Poisonous Vapours        Pois/Air       6%         N/A       22%         2
 Blade Hands              Tmut           12%        N/A       36%         5
 Call Canine Familiar     Summ           3%         N/A       41%         3
 Portal Projectile        Hex/Tloc       6%         N/A       41%         3
 Irradiate                Conj/Tmut      6%         3d13      77%         5
 Leda's Liquefaction      Hex/Erth       1%         N/A       82%         4
 Olgreb's Toxic Radiance  Pois           3%         N/A       82%         4
 Dragon Form              Tmut           12%        N/A       100%        7


Dungeon Overview and Level Annotations

Branches:
Dungeon (6/15)             Temple (1/1) D:6

Altars:
Ashenzari
Cheibriados
Dithmenos
Elyvilon
Fedhas
Gozag
Kikubaaqudgha
Makhleb
Nemelex Xobeh
Okawaru
Qazlal
Ru
Uskayaw
Wu Jian
Xom
Zin
The Shining One

Shops:
D:2 (   D:5 (

Annotations:
D:4 3 runed translucent doors, Mitcholas's ghost, amateur DEHu


Innate Abilities, Weirdness & Mutations

You are a creature of crystalline ice.
You have a powerful freezing melee attack.
Your maximum health is increased.
Your armour is entirely melded.
You are incapable of wielding weapons or throwing items.
You cannot wear most types of armour.
You are amphibious.
You can wear up to eight rings at the same time.
((Your skin changes colour to match your surroundings (Stealth+).))
((Your rubbery body absorbs attacks. (AC +1, EV +1)))
((You are camouflaged when in or above water. (Stealth+)))
((You have tentacles for arms and can constrict up to eight enemies at once.))


Message History

You climb upwards.
The orc shouts!
Found a quarterstaff.
There is a stone staircase leading down here.
An orc is nearby!
Casting: Wereblood (safe; 2% risk of failure)
Confirm with . or Enter, or press ? or * to list all spells.
The spell is quite dangerous to miscast (22% risk of failure)!
Continue anyway?
You turn into a creature of crystalline ice.
Casting: Ice Form (quite dangerous; 22% risk of failure)
Confirm with . or Enter, or press ? or * to list all spells.
Your blood is infused with primal strength.
You hit the orc. You freeze the orc.
You kill the orc!
You now have 158 gold pieces (gained 6).
Things that are here:
a +0 club; a +0 chain mail You howl as the wereblood boils in your veins!
You howl as the wereblood boils in your veins!
A steam dragon is nearby!
A steam dragon is nearby!
A steam dragon is nearby!
The steam dragon hisses angrily.
The steam dragon breathes steam at you. The ball of steam hits you!!
The steam scalds you terribly! The steam dragon closely misses you.
The steam dragon claws you but does no damage.
You hit the steam dragon but do no damage.
The steam dragon bites you! The steam dragon barely misses you.
You punch the steam dragon! You freeze the steam dragon.
The steam dragon is almost dead.
You howl as the wereblood boils in your veins!
The steam dragon breathes steam at you. The ball of steam hits you!!
The steam scalds you terribly!
* * * LOW HITPOINT WARNING * * *
You hit the steam dragon. You freeze the steam dragon.
You feel a bit better.
You kill the steam dragon!
You are engulfed in a cloud of scalding steam.
You die...
Your body crumbles into a pile of gold.

#.####..### #..##..##
##....## ##.### #.# ####.#
##...## ##....÷##########
###......$Y##.....##
#.....∩...§..§§....##
#.#.).....§§.§......# #
##.....#...§......# ..
##...##....)..>..#
.##..#####.........§.§....#
...(......................#
..........>.........>.....#
.........................##


There were no monsters in sight!

Vanquished Creatures
  Sigmund (D:2)
  A steam dragon (D:5)
  2 water moccasins (D:6)
  A sky beast (D:6)
  A centaur (D:6)
  3 necrophages
  2 scorpions (D:4)
  3 orc priests
  2 hounds
  An iguana (D:4)
  2 orc wizards
  Robin (D:3)
  4 adders
  2 ufetubi
  3 worms
  4 dart slugs
  15 orcs
  4 bats
  9 endoplasms
  3 giant cockroaches
  11 goblins
  7 hobgoblins
  3 jackals (D:2)
  4 quokkas
  3 ball pythons
  4 frilled lizards (D:1)
  6 kobolds
  8 rats
110 creatures vanquished.

Vanquished Creatures (others)
  30 plants (D:4)
30 creatures vanquished.

Grand Total: 140 creatures vanquished

Notes
Turn   | Place    | Note
-------+----------+-------------------------------------------
     0 | D:1      | wormed the Octopode Transmuter began the quest for the Orb.
     0 | D:1      | Reached XP level 1. HP: 13/13 MP: 3/3
   257 | D:1      | Reached XP level 2. HP: 18/18 MP: 3/5
   625 | D:1      | Learned a level 2 spell: Wereblood
   771 | D:1      | Reached XP level 3. HP: 23/23 MP: 6/6
  1220 | D:2      | Found Ziricra's Weapon Shop.
  1224 | D:2      | Noticed Sigmund
  1387 | D:3      | Noticed Robin
  1406 | D:3      | Killed Robin
  1410 | D:3      | Reached XP level 4. HP: 27/28 MP: 3/7
  1580 | D:3      | Found a hide-covered altar of Uskayaw.
  1672 | D:3      | You fall into a shaft and drop 1 floor!
  1739 | D:4      | Noticed a scorpion
  1751 | D:4      | Learned a level 4 spell: Ice Form
  1757 | D:4      | Reached skill level 3 in Transmutations
  1764 | D:4      | Noticed a necrophage
  1772 | D:4      | Killed a necrophage
  1773 | D:4      | Reached skill level 1 in Ice Magic
  1773 | D:4      | Reached XP level 5. HP: 34/34 MP: 2/8
  2143 | D:4      | Reached XP level 6. HP: 39/39 MP: 6/10
  2198 | D:4      | Reached skill level 4 in Transmutations
  2412 | D:4      | Reached XP level 7. HP: 44/45 MP: 2/11
  2547 | D:4      | Found a runed translucent gate.
  2547 | D:4      | Found a runed translucent gate.
  2547 | D:4      | Found a runed translucent gate.
  2548 | D:4      | Noticed Mitcholas's ghost (amateur DEHu)
  2804 | D:3      | Found a faded altar of an unknown god.
  4071 | D:2      | Killed Sigmund
  4561 | D:5      | Entered Level 5 of the Dungeon
  4567 | D:5      | Found a burning altar of Makhleb.
  4781 | D:5      | Found Xossuo's Weapon Boutique.
  4820 | D:5      | Noticed a steam dragon
  4893 | D:6      | Reached skill level 5 in Transmutations
  5148 | D:6      | Reached XP level 8. HP: 40/52 MP: 7/13
  5460 | D:6      | Found a staircase to the Ecumenical Temple.
  5936 | Temple   | Entered the Ecumenical Temple
  6025 | Temple   | Became a worshipper of Gozag Ym Sagoz the Greedy
  6136 | D:5      | Engulfed by a cloud of steam

Illustrated notes

Levels and vault maps discovered:
D:1:      dpeg_arrival_windows_large_door, layout_loops_corners
D:2:      layout_loops_corners, serial_shops, nicolae_diamond_shop, uniq_sigmund
D:3:      layout_basic, nicolae_uskayaw_murder_on_the_dancefloor,
          shapermc_ecumenical_altar_pompeii, nrook_mini_vaults, uniq_robin
D:4:      layout_cave_pools, gammafunk_ghost_nasty_kobolds,
          serial_bayou_lagoon_a, chequers_mini_garden, minmay_unequal
D:5:      minmay_goblin_kobold_castle, layout_rooms,
          mainiacjoe_overflow_concentric_impassable, overflow_temple_1_default,
          serial_shops, nicolae_shop_bloodbath_and_beyond
D:6:      layout_loops_ring, minmay_temple_entry_statues
Temple:   eino_temple_scatter_basement

Skill      XL: |  1  2  3  4  5  6  7  8 |
---------------+-------------------------+-----
Transmutations | 3 4 5 |  5.7
Ice Magic      | 1 2 3 |  3.3
Fighting       | 2 3 |  3.6
Dodging        | 3 4 |  4.2
Spellcasting   | 3 4 |  4.0
Unarmed Combat | 4 |  4.6

Action                   |  1- 3 |  4- 6 |  7- 9 || total
-------------------------+-------+-------+-------++-------
Melee: Unarmed           |    85 |    72 |   117 ||   274
       Kick              |    21 |    11 |     3 ||    35
       Constrict         |    21 |    11 |     5 ||    37
       Tentacles         |    10 |     9 |     4 ||    23
       Punch             |     3 |     2 |     1 ||     6
 Cast: Beastly Appendage |    17 |    11 |     3 ||    31
       Wereblood         |     2 |    11 |    13 ||    26
       Ice Form          |       |     3 |    16 ||    19
  Use: Scroll            |     3 |       |     9 ||    12
       Potion            |     1 |       |     3 ||     4
 Stab: Sleeping          |     5 |       |       ||     5
Armor: Skin              |     4 |     6 |    44 ||    54
Dodge: Dodged            |    39 |    22 |    72 ||   133

Table legend: (Time is in decaauts)
 A = Elapsed time spent in this place.
 B = Non-inter-level travel time spent in this place.
 C = Inter-level travel time spent in this place.
 D = Time resting spent in this place.
 E = Time spent auto-exploring this place.
 F = Levels seen in this place.
 G = Mean time per level.
                   A        B        C        D        E       F      G
               +--------+--------+--------+--------+--------+-----+--------+
         Total |   6097 |   5795 |    302 |      0 |   4882 |   7 |  871.0 |
       Dungeon |   5990 |   5705 |    285 |      0 |   4809 |   6 |  998.3 |
        Temple |    107 |     90 |     17 |      0 |     73 |   1 |  107.0 |
               +--------+--------+--------+--------+--------+-----+--------+

Top non-repeatable levels by time:
     D:2: 1309 daAuts
     D:1: 1162 daAuts
     D:6: 1154 daAuts
     D:4: 1148 daAuts
     D:3: 927 daAuts
     D:5: 288 daAuts
  Temple: 107 daAuts
